AoeStats
← Horizon

Arena

507690819Analyzed
4v4 RM · 14d ago on Sep 19, 2026· 29m 44s· 8 players
Game mode
Random Map
Map size
Large (8 player)
Population
200
Speed
Normal
Resources
Standard
Victory
Conquest
Starting age
Dark Age
Ending age
Imperial Age
RankedLock teamsTeams togetherTeam positionsShared explorationLock speedFull tech treeHidden civsTurbo modeCheats
Victory
Defeat
🇨🇳 Inca · China
1573
+11
🇨🇳 Poles · China
1536
+13
🇨🇳 Teutons · China
1527
+13
🇭🇺 Romans · Hungary
1516
+13
🇵🇰 Teutons · Pakistan
1514
-14
🇲🇽 Aztecs · Mexico
1451
-12
🇮🇹 Khmer · Italy
1446
-12
🇧🇪 Vietnamese · Belgium
1440
-12
OS | _MidGard_
8:54 Feudal Age
10:21 Wheelbarrow
9:32 Double-Bit Axe
15:46 Castle Age
14:31 Horse Collar
15:39 Gold Mining
16:34 Husbandry
17:11 Bow Saw
17:35 Bloodlines
25:01 Hand Cart
24:33 Town Watch
25:17 Loom
31:01 Imperial Age
Hympériius
11:22 Feudal Age
12:27 Double-Bit Axe
15:21 Castle Age
17:03 Loom
17:12 Horse Collar
Dazkarich
10:52 Feudal Age
14:30 Castle Age
13:30 Double-Bit Axe
13:40 Horse Collar
16:34 Squires
17:12 Squires
22:44 Wheelbarrow
25:58 Hand Cart
28:58 Imperial Age
26:59 Loom
29:32 Bow Saw
29:05 Pikeman
Horizon
6:08 Loom
6:16 Loom
9:02 Feudal Age
10:54 Fletching
19:37 Horse Collar
19:56 Double-Bit Axe
22:39 Wheelbarrow
26:03 Castle Age
24:02 Gold Mining
27:05 Bow Saw
czj136
5:26 Loom
8:20 Feudal Age
10:04 Fletching
16:14 Town Watch
20:04 Wheelbarrow
23:36 Castle Age
22:44 Horse Collar
22:50 Double-Bit Axe
23:14 Gold Mining
24:12 Bodkin Arrow
24:46 Guard Tower
28:56 Stone Mining
30:32 Ballistics
yesila
10:58 Feudal Age
11:49 Double-Bit Axe
14:40 Castle Age
12:37 Horse Collar
15:56 Bow Saw
20:07 Wheelbarrow
19:50 Loom
20:39 Gold Mining
20:44 Pikeman
21:50 Scale Mail Armor
22:00 Forging
21:55 Champi Runner
22:35 Squires
23:40 Hand Cart
24:09 Heavy Plow
23:53 Champi Warrior
26:07 Chain Mail Armor
26:27 Iron Casting
27:13 Gold Shaft Mining
27:42 Iron Casting
27:05 Stone Mining
27:09 Arson
32:04 Imperial Age
UU
2:15 Loom
11:24 Feudal Age
13:03 Double-Bit Axe
15:33 Castle Age
13:27 Horse Collar
16:30 Bow Saw
16:22 Heavy Plow
21:01 Wheelbarrow
21:54 Gold Mining
27:49 Imperial Age
25:16 Stone Mining
27:22 Scale Barding Armor
27:28 Forging
27:21 Husbandry
27:31 Bloodlines
26:41 Light Cavalry
27:41 Hand Cart
27:12 Town Watch
29:37 Crop Rotation
29:31 Chain Barding Armor
29:32 Conscription
29:18 Winged Hussar
huninter
10:34 Feudal Age
14:26 Castle Age
12:18 Double-Bit Axe
12:15 Horse Collar
15:42 Bow Saw
29:08 Heavy Plow
Connection lost

Rejoining the realm…

Still unreachable

The connection could not be restored.

Session expired

The server has moved on; the page needs a fresh start.